 Dungeon Crawl Stone Soup version 0.20-b1 (webtiles) character file.

4311 North the Fighter (level 10, 0/83 HPs)
             Began as a Formicid Abyssal Knight on May 20, 2017.
             Was a High Priest of Lugonu.
             Succumbed to Shinoi's ghost's poison
             ... on level 10 of the Dungeon.
             The game lasted 00:14:09 (7850 turns).

North the Fighter (Formicid Abyssal Knight)         Turns: 7850, Time: 00:14:09

Health: 0/83       AC: 13    Str: 20    XL:     10   Next: 58%
Magic:  14/14      EV: 11    Int: 12    God:    Lugonu [*****.]
Gold:   337        SH:  0    Dex: 10    Spells: 9/9 levels left

rFire    + + .     SeeInvis +   f - +11 lajatang "Otenuo" {slice, *Contam +Fly rF++ SInv}
rCold    . . .     Gourm    .   (no shield)
rNeg     . . .     Faith    .   F - +3 chain mail
rPois    .         Spirit   .   (helmet unavailable)
rElec    .         Reflect  .   (no cloak)
rCorr    .         Harm     .   (no gloves)
MR       ++...                  (no boots)
Stlth    ..........             l - amulet of regeneration
Regen    0.7/turn               y - ring of protection from magic
MPRegen  0.2/turn               I - +2 ring of evasion

@: lethally poisoned (0 -> -26)
A: permanent stasis, dig shafts and tunnels, four strong arms, antennae 3
a: Dig, Shaft Self, Depart the Abyss, Bend Space, Banish, Corrupt, Enter the
Abyss, Renounce Religion, Evoke Flight


You were on level 10 of the Dungeon.
You worshipped Lugonu.
Lugonu was extremely pleased with you.
You were hungry.

You visited 1 branch of the dungeon, and saw 10 of its levels.
You visited the Abyss 1 time.
You also visited: Ossuary.

You collected 449 gold pieces.
You spent 112 gold pieces at shops.

Inventory:

Hand Weapons
 f - the +11 lajatang "Otenuo" (weapon) {slice, *Contam +Fly rF++ SInv}
   (You found it on level 3 of the Dungeon)

   It inflicts extra damage upon your enemies.
   It greatly protects you from fire.
   It lets you see invisible.
   It lets you fly.
   It causes magical contamination when unequipped.
Armour
 s - a +1 chain mail of magic resistance
 F - a +3 chain mail (worn)
Jewellery
 l - an amulet of regeneration (around neck)
 y - a ring of protection from magic (left hand)
 D - an uncursed ring of ice
 I - a +2 ring of evasion (right hand)
 L - an uncursed ring of resist corrosion
Wands
 h - a wand of digging (8/24)
 p - a wand of lightning (8/15)
Scrolls
 d - 4 scrolls of teleportation {unknown}
 e - a scroll of random uselessness {unknown}
 i - 3 scrolls of fear
 j - 2 scrolls of enchant weapon {unknown}
 m - 2 scrolls of immolation {unknown}
 r - 2 scrolls of identify
 t - a scroll of recharging {unknown}
 u - 3 scrolls of enchant armour {unknown}
 x - 2 scrolls of amnesia {unknown}
 z - 4 scrolls of magic mapping {unknown}
 E - 3 scrolls of remove curse
 G - a scroll of blinking {unknown}
 K - a scroll of brand weapon {unknown}
 M - a scroll of noise {unknown}
 N - a scroll of holy word {unknown}
Potions
 b - 2 potions of mutation {unknown}
 g - 2 potions of flight
 k - 2 potions of degeneration {unknown}
 o - 4 potions of brilliance {unknown}
 q - 2 potions of heal wounds
 v - a potion of might {unknown}
 w - 3 potions of berserk rage {unknown}
 A - 3 potions of haste {unknown}
 C - 2 potions of curing
 H - a potion of ambrosia {unknown}
 J - a potion of invisibility {unknown}
Comestibles
 a - 3 meat rations
 c - 6 bread rations
 n - a fruit
 B - 2 royal jellies


   Skills:
 * Level 9.1 Fighting
   Level 2.0(6.1) Maces & Flails
 * Level 9.1(9.2) Staves
 + Level 5.7 Armour
 + Level 4.5 Dodging
 + Level 6.2 Invocations


You had 9 spell levels left.
You didn't know any spells.

Dungeon Overview and Level Annotations

Branches:
Dungeon (9/15)             Temple (0/1) D:4
   Lair: D:8-11         Orc: D:9-12

Altars:
Ashenzari
Cheibriados
Elyvilon
Fedhas
Gozag
Kikubaaqudgha
Okawaru
Uskayaw
Yredelemnul
Zin
The Shining One

Shops:
D:5 !   D:7 *

Annotations:
D:9 Shinoi's ghost, novice MiAK


Innate Abilities, Weirdness & Mutations

You cannot be hasted, slowed, berserked, paralysed or teleported.
You can dig through walls and to a lower floor.
Your four strong arms can wield two-handed weapons with a shield.
You have a pair of large antennae on your head. (SInv)


Message History

You closely miss Shinoi's ghost.
Shinoi's ghost is lightly damaged.
You feel sick. Shinoi's ghost hits you!!
* * * LOW HITPOINT WARNING * * *
You are more poisoned.
Okay, then.
Are you sure you want to shaft yourself?
You are feeling hungry.
You feel sick. Shinoi's ghost hits you!
* * * LOW HITPOINT WARNING * * *
You are more poisoned.
You begin to dig a shaft.
You continue digging a shaft.
* * * LOW HITPOINT WARNING * * *
You feel very sick.
Shinoi's ghost hits you but does no damage.
You are more poisoned.
A shaft appears beneath you!
You fall through a shaft!
The shaft crumbles and collapses.
You die...

# ###.#
###....#
#.....#
#@....#
#..........
#.#.....###
#.#.....# .
###.### ..
.. ## ###


There were no monsters in sight!

Vanquished Creatures
  The ghost of appiemonkey the Blocker, a novice MiFi (D:8)
  Sigmund (D:3)
  A water moccasin (D:9)
  3 orc warriors
  An ice beast (D:7)
  A black bear (D:5)
  An ogre (D:5)
  The ghost of NormalPerson7 the Grave Robber, an amateur DDNe of Makhleb (D:4)
  A centaur (D:6)
  2 big kobolds (D:4)
  A gnoll sergeant (D:3)
  3 bullfrogs
  3 scorpions
  A water moccasin skeleton (D:8)
  5 killer bees (D:7)
  4 wights (D:7)
  2 crimson imps
  10 bullfrog zombies
  2 centaur zombies
  2 jellies
  4 orc wizards
  A bullfrog skeleton (D:4)
  3 orc priests
  A hound (D:8)
  6 mummies (Ossuary)
  Terence (D:3)
  Natasha (thrice) (D:3)
  An iguana (D:6)
  6 worker ants
  A killer bee zombie (Ossuary)
  2 hound zombies (Ossuary)
  A hound skeleton (D:6)
  A howler monkey zombie (Ossuary)
  6 worker ant zombies
  Robin (D:2)
  13 gnolls
  10 adders
  A shadow imp (D:7)
  2 oozes (D:1)
  4 adder zombies (Ossuary)
  4 dart slugs
  5 leopard geckos
  21 orcs
  4 giant cockroaches
  20 goblins
  11 hobgoblins
  15 jackals
  14 kobolds
  5 quokkas
  A ball python (D:5)
  5 bats
  4 frilled lizards
  A jackal zombie (D:7)
  2 leopard gecko zombies
  A quokka zombie (Ossuary)
  7 rats
  3 plants (D:3)
237 creatures vanquished.

Vanquished Creatures (others)
  A withered plant (Ossuary)
1 creature vanquished.

Grand Total: 238 creatures vanquished

Notes
Turn   | Place    | Note
-------+----------+-------------------------------------------
     0 | Abyss:1  | North the Formicid Abyssal Knight began the quest for the Orb.
     0 | Abyss:1  | Reached XP level 1. HP: 18/18 MP: 2/2
    13 | Abyss:2  | Found a sacrificial altar of Ru.
    25 | Abyss:2  | Noticed a hellwing
    29 | D:1      | Escaped the Abyss
   334 | D:1      | Reached skill level 1 in Staves
   334 | D:1      | Reached XP level 2. HP: 24/24 MP: 3/3
   533 | D:1      | Reached * piety under Lugonu
   669 | D:1      | Reached XP level 3. HP: 29/30 MP: 4/4
  1098 | D:2      | Reached XP level 4. HP: 37/37 MP: 5/5
  1314 | D:2      | Found a snail-covered altar of Cheibriados.
  1348 | D:2      | Noticed Robin
  1382 | D:2      | Reached ** piety under Lugonu
  1387 | D:2      | Killed Robin
  1641 | D:2      | Reached XP level 5. HP: 35/42 MP: 6/6
  2238 | D:3      | Found an iron altar of Okawaru.
  2393 | D:3      | Reached XP level 6. HP: 23/50 MP: 7/7
  2530 | D:3      | Got a fine lajatang
  2546 | D:3      | Identified the +11 lajatang "Otenuo" {slice, *Contam +Fly rF++ SInv} (You found it on level 3 of the Dungeon)
  2706 | D:3      | Noticed Terence
  2711 | D:3      | Killed Terence
  2711 | D:3      | Reached skill level 5 in Fighting
  2919 | D:3      | Found a white marble altar of Elyvilon.
  2943 | D:3      | Reached *** piety under Lugonu
  2944 | D:3      | Reached skill level 5 in Staves
  3061 | D:3      | Noticed Sigmund
  3068 | D:3      | Killed Sigmund
  3068 | D:3      | Reached XP level 7. HP: 47/56 MP: 8/8
  3095 | D:3      | Noticed Natasha
  3100 | D:3      | Killed Natasha
  3217 | D:3      | Noticed Natasha
  3224 | D:3      | Killed Natasha
  3232 | D:3      | Reached skill level 1 in Dodging
  3282 | D:3      | Noticed Natasha
  3288 | D:3      | Killed Natasha
  3630 | D:4      | Noticed a hand axe
  3630 | D:4      | Noticed a hand axe
  3631 | D:4      | Found a hide-covered altar of Uskayaw.
  3679 | D:4      | Noticed NormalPerson7's ghost (amateur DDNe)
  3766 | D:4      | Reached XP level 8. HP: 64/64 MP: 8/10
  4004 | D:4      | Reached **** piety under Lugonu
  4115 | D:4      | Found a staircase to the Ecumenical Temple.
  4121 | D:4      | Killed NormalPerson7's ghost
  4155 | D:5      | Entered Level 5 of the Dungeon
  4211 | D:5      | Found Xosops's Distillery.
  4225 | D:5      | Bought a potion of heal wounds for 70 gold pieces
  4236 | D:5      | Bought a potion of curing for 42 gold pieces
  4545 | D:5      | Found a glowing golden altar of the Shining One.
  4657 | D:5      | Found a basalt altar of Yredelemnul.
  4862 | D:5      | Found a blossoming altar of Fedhas.
  5190 | D:5      | Reached XP level 9. HP: 65/72 MP: 11/11
  5269 | D:6      | Found an opulent altar of Gozag.
  6606 | D:7      | Found Lysuqu Neita's Assorted Antiques.
  6822 | D:8      | Reached skill level 5 in Invocations
  6866 | D:8      | Found a sand-covered staircase.
  6886 | Ossuary  | Entered an ossuary
  6917 | Ossuary  | Reached ***** piety under Lugonu
  6960 | Ossuary  | Reached XP level 10. HP: 80/80 MP: 13/13
  7051 | Ossuary  | Reached skill level 5 in Armour
  7223 | D:8      | Found a shattered altar of Ashenzari.
  7309 | D:8      | Noticed appiemonkey's ghost (novice MiFi)
  7323 | D:8      | Killed appiemonkey's ghost
  7558 | D:8      | Found a glowing silver altar of Zin.
  7789 | D:9      | Found an ancient bone altar of Kikubaaqudgha.
  7841 | D:9      | Noticed Shinoi's ghost (novice MiAK)
  7849 | D:9      | HP: 3/83 [poisoned by Shinoi's ghost]
  7850 | D:9      | You fall through a shaft!
  7850 | D:10     | Entered Level 10 of the Dungeon
  7850 | D:10     | Succumbed to Shinoi's ghost's poison

Skill      XL: |  1  2  3  4  5  6  7  8  9 10 |
---------------+-------------------------------+-----
Staves         | 1 2 3 4 5 6 7 8 9 |  9.1
Fighting       | 4 5 7 8 9 |  9.1
Dodging        | 1 2 3 4 |  4.5
Invocations    | 3 5 6 |  6.2
Armour         | 3 4 5 |  5.7
Maces & Flails | |  2.0

Action                   |  1- 3 |  4- 6 |  7- 9 | 10-12 || total
-------------------------+-------+-------+-------+-------++-------
Melee: Lajatang          |    78 |   234 |   243 |    88 ||   643
Invok: Depart the Abyss  |     1 |       |       |       ||     1
 Abil: Dig               |       |     1 |     1 |     1 ||     3
       Shaft Self        |       |       |       |     1 ||     1
  Use: Potion            |       |     5 |     2 |     1 ||     8
       Scroll            |       |     3 |     2 |     1 ||     6
  Eat: Chunk             |     1 |     6 |    13 |     3 ||    23
Armor: Leather armour    |     1 |       |       |       ||     1
       Scale mail        |    26 |    83 |       |       ||   109
       Skin              |       |     2 |       |       ||     2
       Chain mail        |       |    17 |   138 |    32 ||   187
Dodge: Dodged            |    47 |   119 |   100 |    34 ||   300
